 Dungeon Crawl Stone Soup version 0.25-a0-781-gc44aebf4fe (webtiles) character file.

Game seed: 14680484274973689908, levelgen mode: classic

10 EnegeticOcto the Magician (level 2, 0/16 HPs)
             Began as a Deep Elf Transmuter on Apr 15, 2020.
             Slain by a frilled lizard (3 damage)
             ... on level 1 of the Dungeon.
             The game lasted 00:03:28 (796 turns).

EnegeticOcto the Magician (Deep Elf Transmuter)      Turns: 796, Time: 00:03:29

Health: 0/16       AC:  3    Str:  7    XL:     2   Next: 10%
Magic:  8/8        EV: 12    Int: 17    God:
Gold:   10         SH:  0    Dex: 15    Spells: 6/7 levels left

rFire    . . .     SeeInvis .   c - +0 dagger
rCold    . . .     Gourm    .   (no shield)
rNeg     . . .     Faith    .   j - +0 leather armour
rPois    .         Spirit   .   (no helmet)
rElec    .         Reflect  .   (no cloak)
rCorr    .         Harm     .   (no gloves)
MR       .....                  (no boots)
Stlth    ++........             (no amulet)
HPRegen  0.05/turn              (no ring)
MPRegen  0.11/turn              (no ring)

@: appendage (expiring), hasted, very quick
A: horns 2
a: End Transformation


You were on level 1 of the Dungeon.
You were not hungry.
You had grown temporary horns.
You visited 1 branch of the dungeon, and saw 1 of its levels.

You collected 10 gold pieces.

Inventory:

Hand Weapons
 c - a +0 dagger (weapon)
Missiles
 a - 12 arrows
 i - 64 stones (quivered)
Armour
 j - a +0 leather armour (worn)
Scrolls
 g - 4 scrolls of magic mapping {@r5 !r}
Comestibles
 e - 2 rations
 f - a chunk of flesh


   Skills:
 + Level 1.3 Fighting
 - Level 2.4 Dodging
 + Level 1.6 Stealth
 - Level 2.4 Unarmed Combat
 - Level 3.0 Spellcasting
 - Level 2.1 Transmutations


You had 6 spell levels left.
You knew the following spells:

 Your Spells              Type           Power        Failure   Level  Hunger
a - Beastly Appendage     Tmut           ##....       11%         1    None

Your spell library contained the following spells:

 Spells                   Type           Power        Failure   Level  Hunger
 Sticks to Snakes         Tmut           ##......     16%         2    ##.....
 Spider Form              Tmut/Pois      #.........   45%         3    ###....
 Ice Form                 Ice/Tmut       #.......     86%         4    ####...
 Blade Hands              Tmut           ##........   96%         5    ######.


Dungeon Overview and Level Annotations

Branches:
Dungeon (1/15)

Altars:


Innate Abilities, Weirdness & Mutations

You have a pair of horns on your head.


Message History

You barely miss the rat. The rat closely misses you.
Casting: Beastly Appendage (safe; 11% risk of failure)
Confirm with . or Enter, or press ? or * to list all spells.
You extend your transformation's duration.
The rat misses you.
You hit the rat but do no damage. The rat bites you but does no damage.
You hit the rat.
You kill the rat!
You barely miss the rat. The rat bites you but does no damage.
You closely miss the rat. The rat closely misses you.
You hit the rat.
You kill the rat!
The jackal barely misses you.
You closely miss the jackal. The jackal bites you.
You closely miss the jackal. You claw the jackal, but do no damage.
Your transformation is almost over.
The jackal bites you.
You hit the jackal.
The jackal is heavily wounded.
The jackal bites you. x2
You are too injured to fight recklessly!
You hit the jackal. Your kick misses the jackal.
The jackal is almost dead.
The jackal barely misses you.
You hit the jackal but do no damage.
The jackal is almost dead.
The jackal barely misses you. The jackal misses you.
You closely miss the jackal. Your kick misses the jackal.
The jackal is almost dead.
The jackal bites you.
You hit the jackal but do no damage. Your kick misses the jackal.
The jackal is almost dead.
The jackal closely misses you.
You closely miss the jackal. You claw the jackal.
You kill the jackal!
You have reached level 2!
You start resting.
Your talons disappear.
You start resting.
A jackal comes into view.
You start resting.
A jackal comes into view.
You start resting.
The jackal is too close now for your liking.
A frilled lizard comes into view.
The jackal barks!
You hear a bark!
Casting: Beastly Appendage (safe; 11% risk of failure)
Confirm with . or Enter, or press ? or * to list all spells.
You grow a pair of large bovine horns.
The frilled lizard hisses angrily.
The jackal barks!
A jackal comes into view.
As you read the scroll labeled KOZ DAZOXIVU, it crumbles to dust.
You feel blessed for a moment.
It was a scroll of remove curse.
Okay, then.
As you read the scroll labeled OVADAT NIUVOLIMEU, it crumbles to dust.
It is a scroll of identify.
d - a potion of haste The jackal closely misses you.
The jackal bites you.
Really quaff
d - a potion of haste {@q4 !q}?
You feel yourself speed up.
The jackal barks!
The jackal bites you but does no damage.
You hit the jackal but do no damage. The jackal misses you.
You barely miss the jackal. The jackal misses you.
You hit the jackal.
The jackal is severely wounded.
The jackal bites you.
You closely miss the jackal.
The jackal is severely wounded.
The jackal bites you.
You hit the jackal but do no damage. Your punch misses the jackal.
The jackal is severely wounded.
The jackal bites you.
* * * LOW HITPOINT WARNING * * *
You miss the jackal. You headbutt the jackal.
The jackal is almost dead.
The jackal completely misses you. The jackal closely misses you.
You barely miss the jackal.
The jackal is almost dead.
The jackal bites you.
* * * LOW HITPOINT WARNING * * *
The jackal misses you.
You miss the jackal.
The jackal is almost dead.
The jackal closely misses you. x2
You hit the jackal.
You kill the jackal!
The jackal bites you but does no damage.
You barely miss the jackal. The jackal closely misses you.
You hit the jackal but do no damage. The jackal barely misses you.
The frilled lizard barely misses you.
You hit the jackal.
The jackal is severely wounded.
Your transformation is almost over.
The jackal closely misses you.
You barely miss the jackal.
You headbutt the jackal, but do no damage.
The jackal is severely wounded.
The frilled lizard bites you.
You die...

,,,,,,*,* *,#......#,* #.####.##
,,,,*,*,****,######.#,* #)####..#
,,,,*,*,,,,,,* #.#,***,#......
,,,,,,,,,,,,,* #.#,,,,,#......
,,,,,,,,,,,..######.#*****#......
,,,,,,,,,,,.........# #......
,,,,,,,,,,,.######..# #......
,,,,,,,,,,,**#.h.#..# #......
,,,,,,,,,,,* #.#@#..# #......
,,,,,,,,,,,* #.#l#..# #......
************ #.#h#..# #......
*****,**###......# #......
*,,,,,,*#......#.# #......
*,,,,,,*#......#.#**** #......
*,,,,,,*#.........,,,**#......
*,,,,,..............,,.......#
*,,,,...#............*#######*


You could see 2 jackals and a frilled lizard.

Vanquished Creatures
  A ball python (D:1)
  3 jackals (D:1)
  A kobold (D:1)
  2 bats (D:1)
  3 rats (D:1)
10 creatures vanquished.

Notes
Turn   | Place    | Note
-------+----------+-------------------------------------------
     0 | D:1      | EnegeticOcto the Deep Elf Transmuter began the quest for
                  | the Orb.
     0 | D:1      | Reached XP level 1. HP: 11/11 MP: 6/6
   287 | D:1      | Reached skill level 1 in Fighting
   470 | D:1      | Reached skill level 1 in Stealth
   623 | D:1      | Reached XP level 2. HP: 6/16 MP: 8/8
   796 | D:1      | Slain by a frilled lizard

Levels and vault maps discovered:
D:1:      lightli_arrival_noodles, layout_basic, corexii_corridor_pit

Skill      XL: |  1 |
---------------+----+-----
Fighting       | 1 |  1.3
Stealth        | 1 |  1.6
Dodging        | |  2.4
Unarmed Combat | |  2.4
Spellcasting   | |  3.0
Transmutations | |  2.1

Action                   || total
-------------------------++-------
Melee: Dagger            ||    63
       Kick              ||     5
       Headbutt          ||     3
 Cast: Beastly Appendage ||    11
  Use: Scroll            ||     3
       Potion            ||     1
Armor: Robe              ||    12
       Leather armour    ||     9
Dodge: Dodged            ||    57

Table legend:
 A = Non-vault XP
 B = Vault XP
 C = Vault XP percentage of total XP
 D = Non-vault monster count
 E = Vault monster count
 F = Vault count percentage of total count
                 A         B        C        D         E       F
            +---------+---------+-------+---------+---------+-------
      Total |      15 |       0 |   0.0 |      10 |       0 |   0.0
            +---------+---------+-------+---------+---------+-------
        D:1 |      15 |       0 |   0.0 |      10 |       0 |   0.0
            +---------+---------+-------+---------+---------+-------
